 Dungeon Crawl Stone Soup version 0.28.0-45-g0d030f2227 (webtiles) character file.

Game seed: 8341871721165992412

4664 Kangaroobicon the Grappler (level 10, -4/94 HPs)
             Began as a Troll Monk on Apr 16, 2022.
             Was a High Priest of Okawaru.
             Slain by a steam dragon (9 damage)
             ... on level 8 of the Dungeon.
             The game lasted 01:03:02 (5557 turns).

Kangaroobicon the Grappler (Troll Monk)             Turns: 5557, Time: 01:03:04

Health: -4/94      AC:  4    Str: 21    XL:     10   Next: 20%
Magic:  10/10      EV: 12    Int:  6    God:    Okawaru [*****.]
Gold:   378        SH:  0    Dex: 16    Spells: 9/9 levels left

rFire   . . .      SeeInvis .     - Unarmed
rCold   . . .      Faith    .   (no shield)
rNeg    . . .      Spirit   .   a - +0 robe
rPois   .          Reflect  .   (helmet restricted)
rElec   .          Harm     .   (no cloak)
rCorr   .          Rampage  .   (gloves unavailable)
Will    +....                   (boots unavailable)
Stlth   ++........              R - amulet of regeneration
HPRegen 1.85/turn               b - ring of willpower
MPRegen 0.12/turn               y - ring of flight

@: about to teleport, flying
A: large, unfitting armour, claws 3, regeneration 1, shaggy fur 1, tough skin 1
a: Renounce Religion, Heroism, Finesse, Duel


You were on level 8 of the Dungeon.
You worshipped Okawaru.
Okawaru was extremely pleased with you.
You visited 1 branch of the dungeon, and saw 8 of its levels.
You also visited: Ossuary.

You collected 378 gold pieces.

Inventory:

Hand Weapons
 q - a +2 dagger of speed
 E - a +0 hunting sling
 F - a +2 vorpal flail
 K - a +2 dagger of flaming
 M - a +4 flail
 N - a +5 falchion
 O - a +3 battleaxe
 P - a +1 dagger of protection
 U - a +3 shortbow
Missiles
 k - 163 stones
 n - 207 arrows
 A - 5 atropa-tipped darts
 C - 8 boomerangs (quivered)
 G - a throwing net
 J - 7 poisoned darts
 L - 19 bolts
 S - 5 javelins
Armour
 a - a +0 robe (worn)
Jewellery
 b - a ring of willpower (left claw)
 p - an amulet of the acrobat
 r - an amulet of regeneration
 y - a ring of flight (right claw)
 R - an amulet of regeneration (around neck)
Wands
 B - a wand of acid (3)
 T - a wand of digging (8)
Scrolls
 c - a scroll of immolation
 e - 2 scrolls of teleportation
 f - 2 scrolls of fog {unknown}
 h - 2 scrolls of vulnerability {unknown}
 i - 2 scrolls of enchant armour {unknown}
 o - 2 scrolls of blinking {unknown}
 s - 3 scrolls of holy word
 x - 2 scrolls of amnesia {unknown}
 z - a scroll of noise {unknown}
 D - a scroll of enchant weapon {unknown}
 H - a scroll of acquirement {unknown}
 I - a scroll of magic mapping {unknown}
Potions
 d - 5 potions of lignification
 g - a potion of berserk rage {unknown}
 j - 2 potions of ambrosia {unknown}
 l - 2 potions of brilliance {unknown}
 m - 2 potions of curing
 t - 7 potions of heal wounds
 u - a potion of mutation {unknown}
 v - 2 potions of flight {unknown}
 w - 2 potions of magic {unknown}


   Skills:
 * Level 4.8 Fighting
 * Level 5.4 Throwing
 * Level 5.6 Dodging
 * Level 2.7 Stealth
 * Level 10.5 Unarmed Combat
 * Level 1.7 Invocations


You had 9 spell levels left.
You didn't know any spells.
Your spell library contained the following spells:

 Spells                   Type           Power      Damage    Failure   Level
 Magic Dart               Conj           0%         1d3       45%         1
 Shock                    Conj/Air       0%         1d3       45%         1
 Searing Ray              Conj           0%         2d4       58%         2
 Conjure Flame            Conj/Fire      0%         6-21      83%         3
 Ignite Poison            Fire/Tmut/Pois 0%         N/A       83%         3
 Mephitic Cloud           Conj/Pois/Air  0%         N/A       83%         3
 Swiftness                Air            0%         N/A       83%         3
 Airstrike                Air            0%         N/A       99%         4
 Fulminant Prism          Conj/Hex       0%         3d6       99%         4
 Sticky Flame             Conj/Fire      0%         2d3       99%         4
 Freezing Cloud           Conj/Ice/Air   0%         6-21      100%        5
 Summon Small Mammal      Summ           Unusable   N/A       N/A         1
 Call Canine Familiar     Summ           Unusable   N/A       N/A         3
 Summon Guardian Golem    Hex/Summ       Unusable   N/A       N/A         3

Dungeon Overview and Level Annotations

Branches:
Dungeon (8/15)             Temple (0/1) D:6            Lair (0/6) D:8
Ossuary (visited)

Altars:
Ashenzari
Dithmenos
Okawaru
Sif Muna
Vehumet
The Shining One

Shops:
D:6 (


Innate Abilities, Weirdness & Mutations

You are too large for most types of armour.
You have claws for hands.
Your natural rate of healing is unusually fast.
You are covered in fur. (AC +1)
You have tough skin. (AC +1)


Message History

The kobold brigand shouts!
You closely miss the kobold.
You hear a shout!
The centaur shoots an arrow.
The arrow hits you! The kobold barely misses you.
You barely miss the kobold. You claw the kobold.
You kill the kobold!
The centaur shoots an arrow.
The arrow hits you! The steam dragon breathes steam at you.
The ball of steam misses you.
You hear a shout!
You hear an angry hiss.
You feel much better.
You are engulfed in a cloud of scalding steam.
You closely miss the steam dragon.
You are engulfed in a cloud of scalding steam.
The steam dragon bites you but does no damage.
The steam dragon claws you.
You scratch the steam dragon.
The steam dragon is lightly wounded.
You are engulfed in a cloud of scalding steam.
The steam dragon bites you. The steam dragon claws you.
You claw the centaur!
The centaur is moderately wounded.
You are engulfed in a cloud of scalding steam.
* * * LOW HITPOINT WARNING * * *
The centaur unwields a +0 shortbow.
The centaur wields a +0 rapier.
The centaur barely misses you.
The centaur kicks you but does no damage.
A kobold comes into view.
It is wielding a +0 dagger and quivering poisoned darts.
The steam dragon bites you!
* * * LOW HITPOINT WARNING * * *
The steam dragon claws you.
* * * LOW HITPOINT WARNING * * *
A water moccasin comes into view.
As you read the scroll of teleportation, it crumbles to dust.
You feel strangely unstable. The centaur misses you.
The centaur closely misses you. The centaur hits you with a +0 rapier!
* * * LOW HITPOINT WARNING * * *
The centaur kicks you but does no damage.
The steam dragon bites you!
You die...

...........##........#..#
....#................#.##
###########..........# #
#...........#.#.
###...............
####.).....§.....#.##
#....##....§.........
.....####......>........
.... #......@##...... ..
#.....cD#.......
##......K.......
##...(..§#§≈≈≈≈
##.....#§§≈c≈≈
......S#§§§.# .
....##K.≈≈≈.?!# ...##
#..≈≈..### .#< #..≈≈)?#


You could see a steam dragon, a water moccasin, a kobold brigand, a centaur and
a kobold.

Vanquished Creatures
  A cyclops (D:6)
  A wraith (D:7)
  A steam dragon (D:8)
  Duvessa (D:7)
  A water moccasin (D:8)
  An orc warrior (D:6)
  3 sky beasts
  A black bear (D:6)
  2 ogres
  4 centaurs
  A phantom (D:4)
  A bullfrog (D:8)
  8 scorpions
  2 water moccasin zombies (D:5)
  A wyvern skeleton (D:7)
  A water moccasin skeleton (D:6)
  Dowan (D:7)
  5 killer bees (D:8)
  7 wights (D:6)
  5 howler monkeys
  2 centaur zombies (Ossuary)
  A bullfrog zombie (D:3)
  2 hounds
  A centaur skeleton (D:5)
  A gnoll shaman (D:5)
  2 human zombies (Ossuary)
  4 orc priests
  3 bullfrog skeletons (D:5)
  6 iguanas
  5 scorpion zombies (Ossuary)
  8 orc wizards
  A hound skeleton (D:5)
  4 mummies
  A howler monkey zombie (D:8)
  A howler monkey skeleton (D:7)
  8 adders
  8 gnolls (D:5)
  A white imp (D:3)
  3 worms (D:3)
  A dart slug (D:1)
  23 orcs
  4 ball pythons
  4 bats
  9 endoplasms
  A giant cockroach (D:4)
  12 goblins
  15 hobgoblins
  4 jackals (D:4)
  2 quokkas (D:3)
  A frilled lizard (D:1)
  A goblin skeleton (D:3)
  3 goblin zombies
  4 hobgoblin zombies
  12 kobolds
  3 kobold zombies
  An orc skeleton (D:3)
  2 orc zombies
  14 rats
  A spectral hobgoblin (D:1)
227 creatures vanquished.

Notes
Turn   | Place    | Note
-------+----------+-------------------------------------------
     0 | D:1      | Kangaroobicon the Troll Monk began the quest for the Orb.
     0 | D:1      | Reached XP level 1. HP: 22/22 MP: 0/0
   126 | D:1      | Reached XP level 2. HP: 26/29 MP: 1/1
   450 | D:1      | Found a faded altar of an unknown god.
   583 | D:2      | Reached XP level 3. HP: 36/36 MP: 2/2
   723 | D:2      | Reached skill level 4 in Unarmed Combat
   723 | D:2      | Reached XP level 4. HP: 29/45 MP: 3/3
  1172 | D:3      | Found an iron altar of Okawaru.
  1187 | D:3      | Became a worshipper of Warmaster Okawaru
  1187 | D:3      | Reached * piety under Okawaru
  1187 | D:3      | Reached ** piety under Okawaru
  1255 | D:3      | Reached XP level 5. HP: 53/53 MP: 4/4
  1272 | D:3      | Found a glowing golden altar of the Shining One.
  1864 | D:3      | Found a broken altar of Ashenzari.
  2017 | D:4      | Reached skill level 5 in Unarmed Combat
  2038 | D:4      | Noticed an ogre
  2067 | D:4      | Found a sand-covered staircase.
  2092 | Ossuary  | Entered an ossuary
  2138 | Ossuary  | Reached XP level 6. HP: 61/61 MP: 5/5
  2214 | Ossuary  | Reached skill level 6 in Unarmed Combat
  2261 | Ossuary  | Reached XP level 7. HP: 67/67 MP: 6/6
  2274 | Ossuary  | Reached *** piety under Okawaru
  2348 | Ossuary  | Reached skill level 7 in Unarmed Combat
  2615 | D:4      | Reached XP level 8. HP: 60/78 MP: 7/7
  2853 | D:4      | Found a radiant altar of Vehumet.
  2853 | D:4      | Found a shadowy altar of Dithmenos.
  3002 | D:5      | Entered Level 5 of the Dungeon
  3098 | D:5      | Reached skill level 8 in Unarmed Combat
  3111 | D:5      | Reached **** piety under Okawaru
  3374 | D:5      | Reached skill level 1 in Throwing
  3982 | D:5      | Reached skill level 9 in Unarmed Combat
  3995 | D:6      | Found a staircase to the Ecumenical Temple.
  4016 | D:6      | Reached XP level 9. HP: 79/84 MP: 8/8
  4132 | D:6      | Reached ***** piety under Okawaru
  4133 | D:6      | Reached skill level 5 in Dodging
  4276 | D:6      | Found Docaz's Weapon Shop.
  4518 | D:6      | Noticed a cyclops
  4526 | D:6      | Killed a cyclops
  4591 | D:6      | Reached skill level 10 in Unarmed Combat
  5075 | D:7      | Noticed Duvessa
  5086 | D:7      | Noticed Dowan
  5088 | D:7      | Killed Duvessa
  5099 | D:7      | Killed Dowan
  5100 | D:7      | Reached skill level 1 in Invocations
  5202 | D:7      | Found a shimmering blue altar of Sif Muna.
  5426 | D:8      | Reached XP level 10. HP: 80/94 MP: 9/9
  5461 | D:8      | Received a gift from Okawaru
  5477 | D:8      | Reached skill level 5 in Throwing
  5491 | D:8      | Found a staircase to the Lair.
  5557 | D:8      | Slain by a steam dragon

Illustrated notes

Levels and vault maps discovered:
D:1:      saegor_arrival_simple_c, layout_loops_ring,
          dreamdust_ecumenical_altar_drowned_temple, kennysheep_crisscross
D:2:      layout_rooms, serial_corexii_hall, corexii_hall_statues_s,
          corexii_hall_statues_i, minmay_rat_gold_closets
D:3:      cheibrodos_helix_gallery, layout_basic, mainiacjoe_overflow_alcove_1,
          nicolae_tso_besieged_by_evil, okawaru_trees_1, kennysheep_cross_room,
          st_stairs_11
D:4:      layout_rooms, gammafunk_temple_overflow_statue,
          nicolae_ossuary_entry_giza, minmay_pentomino_pile
D:5:      minmay_inner_zag, layout_basic
D:6:      layout_loops_corners, minmay_temple_entry_crystal_x, serial_shops,
          nicolae_shop_advertising_works [nicolae_subvault_shop_adworks],
          supply_closet_lemuel
D:7:      kennysheep_big_flooded_room, layout_rooms, led_sif_pool,
          corexii_item_surrounded_by_moat, item_on_display_a, uniq_duvessa
D:8:      layout_rooms, grunt_temple_overflow_order_and_chaos_1,
          mainiacjoe_overflow_small_starburst, lair_entry_dummy,
          hangedman_misty_isle

Skill      XL: |  1  2  3  4  5  6  7  8  9 10 |
---------------+-------------------------------+-----
Fighting       | 3 4 |  4.8
Unarmed Combat | 4 5 6 7 9 10 | 10.5
Dodging        | 3 4 5 |  5.6
Stealth        | 2 |  2.7
Throwing       | 2 4 5 |  5.4
Invocations    | 1 |  1.7

Action                   |  1- 3 |  4- 6 |  7- 9 | 10-12 || total
-------------------------+-------+-------+-------+-------++-------
Melee: Unarmed           |    87 |   218 |   264 |    36 ||   605
       Punch             |     3 |     8 |    16 |     3 ||    30
Throw: Boomerang         |       |       |    90 |    16 ||   106
Invok: Heroism           |       |       |     1 |       ||     1
  Use: Scroll            |       |       |     9 |     1 ||    10
       Potion            |       |       |     1 |     1 ||     2
 Stab: Sleeping          |       |     9 |     5 |       ||    14
Armor: Robe              |    31 |    62 |    37 |    13 ||   143
Dodge: Dodged            |    32 |   117 |   100 |    32 ||   281
